 Dungeon Crawl Stone Soup version 0.31-a0-473-g61b50ae490 (webtiles) character file.

Game seed: 1842517136129736498

175 hashsling the Chopper (level 5, -1/48 HPs)
             Began as a Hill Orc Cinder Acolyte on Aug 6, 2023.
             Was a High Priest of Ignis.
             Slain by a gnoll
             ... wielding a +0 spear
             ... led by a gnoll bouda
              (5 damage)
             ... on level 3 of the Dungeon.
             The game lasted 00:06:46 (1598 turns).

hashsling the Chopper (Hill Orc Cinder Acolyte)     Turns: 1598, Time: 00:06:47

Health: -1/48      AC: 14    Str: 22    XL:     5   Next: 55%
Magic:  6/6        EV: 10    Int: 14    God:    Ignis [*****.]
Gold:   69         SH:  0    Dex:  6    Spells: 4/6 levels left

rFire   + + .        a - -1 hand axe (flame)
rCold   . . .        (no shield)
rNeg    . . .        f - +0 ring mail
rPois   .            l - +1 helmet "Edierphis" {rF+ Str+3}
rElec   .            (no cloak)
rCorr   .            (no gloves)
SInv    .            (no boots)
Will    .....        (no amulet) Stlth
                     (no ring)
HPRegen 0.28/turn    (no ring)
MPRegen 0.10/turn

%: no passive effects
@: fiery-armoured
A: no striking features
a: Renounce Religion, Fiery Armour, Foxfire Swarm, Rising Flame


You were on level 3 of the Dungeon.
You worshipped Ignis.
Ignis was extremely pleased with you.
You visited 1 branch of the dungeon, and saw 3 of its levels.

You collected 69 gold pieces.

Inventory:

Hand Weapons
 a - a -1 hand axe of flaming (weapon)
Missiles
 g - 4 javelins
Armour
 f - a +0 ring mail (worn)
 l - the +1 helmet "Edierphis" (worn) {rF+ Str+3}
   (You found it on level 2 of the Dungeon)

   Str:       It affects your strength (+3).
   rF:        It protects you from fire.
Scrolls
 b - 2 scrolls of teleportation {unknown}
 c - 5 scrolls of identify {unknown}
 d - a scroll of blinking {unknown}
 e - 2 scrolls of fog {unknown}
 k - a scroll of enchant armour {unknown}
Potions
 h - a potion of enlightenment {unknown}
 i - a potion of curing {unknown}


   Skills:
 * Level 5.0 Fighting
 * Level 5.3 Axes
 * Level 2.7 Armour
 - Level 1.0 Spellcasting
 - Level 4.0 Fire Magic


You had 4 spell levels left.
You knew the following spells:

 Your Spells              Type           Power      Damage    Failure   Level
a - Scorch                Fire           22%        2d5       12%         2

Your spell library contained the following spells:

 Spells                   Type           Power      Damage    Failure   Level
 Gell's Gravitas          Tloc           0%         N/A       77%         3
 Teleport Other           Tloc           0%         N/A       77%         3
 Leda's Liquefaction      Hex/Erth       0%         N/A       99%         4
 Lee's Rapid Deconstruct  Erth           0%         3d4*      100%        5
 Dispersal                Tloc           0%         N/A       100%        6
 Leda's Unmaking          Conj/Erth      0%         9d1       100%        6


Dungeon Overview and Level Annotations

Branches:
Dungeon (3/15)

Altars:

Shops:
D:2 (


Message History

The gnoll hits you with a +0 flail.
* * * LOW HITPOINT WARNING * * *
The gnoll is burned by your cloak of flames.
The gnoll is severely wounded.
The gnoll hits you from afar with a +0 spear.
* * * LOW HITPOINT WARNING * * *
The goblin closely misses you.
The quokka bites you but does no damage.
The quokka is burned by your cloak of flames.
You kill the quokka!
The gnoll closely misses you. The gnoll misses you.
The gnoll completely misses you.
Things that are here:
a +0 whip; a hobgoblin corpse You closely miss the gnoll.
You hit the goblin. You burn the goblin.
You kill the goblin!
You hit the gnoll but do no damage. You closely miss the kobold.
The gnoll misses you. The gnoll hits you but does no damage.
The kobold hits you but does no damage.
The kobold is burned by your cloak of flames.
The kobold is severely wounded.
The gnoll hits you but does no damage.
The gnoll is burned by your cloak of flames.
The gnoll is moderately wounded.
You slash the gnoll! You burn the gnoll.
You kill the gnoll!
You hit the gnoll. You burn the gnoll. You barely miss the kobold.
The gnoll hits you with a +0 flail.
* * * LOW HITPOINT WARNING * * *
The gnoll is burned by your cloak of flames.
You kill the gnoll!
The gnoll barely misses you. The kobold closely misses you.
Training target 4.0 for Fire Magic reached!
Your Fighting skill increases to level 5!
Your Fire Magic skill increases to level 4!
You barely miss the kobold.
The kobold is severely wounded.
The kobold barely misses you.
The gnoll hits you from afar with a +0 spear.
You die...

#....<#.##
#.........
#........#..
#...........
#...........
#..........
#<........
#..#)#.#.#.#
#..)@)..)...
#..#K#.#.#.#
#...g....
#..##.#.#.#
#..##........
#..# #.#
#.#.# #.# ...
.... .. #.#
#.


You could see a gnoll and a kobold.

Vanquished Creatures
  Terence (D:2)
  Robin (D:2)
  4 gnolls (D:3)
  2 adders (D:2)
  2 worms (D:2)
  5 dart slugs
  3 ball pythons
  7 endoplasms
  5 giant cockroaches
  7 hobgoblins
  3 kobolds
  2 quokkas
  7 bats
  2 frilled lizards (D:2)
  13 goblins
  5 rats
69 creatures vanquished.

Notes
Turn   | Place    | Note
-------+----------+-------------------------------------------
     0 | D:1      | hashsling the Hill Orc Cinder Acolyte began the quest for
                  | the Orb.
     0 | D:1      | Reached XP level 1. HP: 19/19 MP: 2/2
   175 | D:1      | Reached XP level 2. HP: 26/27 MP: 3/3
   220 | D:1      | Reached skill level 1 in Armour
   643 | D:1      | Reached XP level 3. HP: 32/33 MP: 4/4
  1077 | D:2      | Noticed Robin
  1082 | D:2      | Noticed Terence
  1083 | D:2      | Reached XP level 4. HP: 38/41 MP: 5/5
  1093 | D:2      | Killed Robin
  1097 | D:2      | Killed Terence
  1098 | D:2      | Reached skill level 5 in Axes
  1145 | D:2      | Learned a level 2 spell: Scorch
  1158 | D:2      | Reached XP level 5. HP: 47/47 MP: 6/6
  1193 | D:2      | Found Faiqoes's Weapon Boutique.
  1398 | D:2      | Identified the +1 helmet "Edierphis" {rF+ Str+3}
  1598 | D:3      | Reached skill level 5 in Fighting
  1598 | D:3      | Slain by a gnoll

Illustrated notes

Levels and vault maps discovered:
D:1:      giann_horns, layout_loops_corners
D:2:      layout_basic, serial_shops, shop, minmay_bisected, uniq_robin,
          uniq_terence
D:3:      layout_rooms, cheibrodos_sewer_entry_bend, st_stairs_10,
          skrybe_limestone_x, uniq_grinder

Skill      XL: |  1  2  3  4  5 |
---------------+----------------+-----
Armour         | 1 2 |  2.7
Fighting       | 4 5 |  5.0
Axes           | 5 |  5.3
Fire Magic     | 4 |  4.0
Spellcasting   | |  1.0

Action                     |  1- 3 |  4- 6 || total
---------------------------+-------+-------++-------
  Melee: Hand axe          |   109 |    45 ||   154
         Punch             |     1 |       ||     1
  Throw: Javelin           |     4 |       ||     4
 Invoke: Fiery Armour      |     1 |     2 ||     3
 Armour: Ring mail         |    55 |    24 ||    79
         Robe              |     3 |       ||     3
  Dodge: Dodged            |    66 |    30 ||    96

Table legend: (Time is in decaauts)
 A = Elapsed time spent in this place.
 B = Non-inter-level travel time spent in this place.
 C = Inter-level travel time spent in this place.
 D = Time resting spent in this place.
 E = Time spent auto-exploring this place.
 F = Levels seen in this place.
 G = Mean time per level.
                   A        B        C        D        E       F      G
               +--------+--------+--------+--------+--------+-----+--------+
         Total |   1612 |   1584 |     28 |    100 |   1103 |   3 |  537.3 |
       Dungeon |   1612 |   1584 |     28 |    100 |   1103 |   3 |  537.3 |
               +--------+--------+--------+--------+--------+-----+--------+

Top non-repeatable levels by time:
     D:1: 902 daAuts
     D:2: 688 daAuts
     D:3: 21 daAuts
